 Dungeon Crawl Stone Soup version 0.26.1-10-gdfb7c7de75 (webtiles) character file.

Game seed: 8947529259328046633

520 Chiseanne the Magician (level 7, 23/46 HPs)
             Began as a Demonspawn Hedge Wizard on Apr 8, 2021.
             Quit the game on level 4 of the Dungeon.
             The game lasted 00:10:01 (5351 turns).

Chiseanne the Magician (Demonspawn Hedge Wizard)    Turns: 5351, Time: 00:10:01

Health: 23/46      AC:  6    Str: 11    XL:     7   Next: 1%
Magic:  10/14      EV: 12    Int: 17    God:
Gold:   270        SH:  0    Dex: 12    Spells: 9/15 levels left

rFire    . . .     SeeInvis .   a - +3 dagger (speed)
rCold    . . .     Faith    .   (no shield)
rNeg     + . .     Spirit   .   p - +1 robe {Archmagi}
rPois    +         Reflect  .   (helmet restricted)
rElec    .         Harm     .   (no cloak)
rCorr    .         Rampage  .   (no gloves)
Will     .....                  j - +0 pair of boots
Stlth    ++........             c - amulet of regeneration
HPRegen  0.55/turn              e - ring of poison resistance
MPRegen  0.14/turn              l - ring of positive energy

@: no status effects
A: horns 1, slimy green scales 1
a: no special abilities


You were on level 4 of the Dungeon.
You visited 1 branch of the dungeon, and saw 4 of its levels.

You collected 270 gold pieces.

Inventory:

Hand Weapons
 a - a +3 dagger of speed (weapon)
 s - a +4 short sword of draining
Missiles
 f - 66 sling bullets
 k - 42 stones
 m - 10 poisoned darts (quivered)
 r - 11 bolts
Armour
 i - a cursed +0 ring mail
 j - a +0 pair of boots (worn)
 p - a +1 robe of the Archmagi (worn)
 q - a +0 helmet
Jewellery
 c - an amulet of regeneration (around neck)
 e - a ring of poison resistance (left hand)
 l - a ring of positive energy (right hand)
Scrolls
 d - 3 scrolls of remove curse
Potions
 g - 2 potions of curing
 n - 3 potions of brilliance
 o - a potion of lignification {unknown}
 t - a potion of heal wounds
 u - a potion of ambrosia
 v - a potion of berserk rage {unknown}
 w - a potion of magic {unknown}


   Skills:
 - Level 1.7 Dodging
 - Level 1.7 Stealth
 * Level 4.9 Spellcasting
 * Level 4.3 Conjurations
 - Level 1.0 Summonings
 - Level 0.8 Translocations
 * Level 2.3 Air Magic
 * Level 2.5 Poison Magic


You had 9 spell levels left.
You knew the following spells:

 Your Spells              Type           Power        Failure   Level
a - Magic Dart            Conj           100%         2%          1
b - Blink                 Tloc           N/A          16%         2
d - Mephitic Cloud        Conj/Pois/Air  22%          12%         3

Your spell library contained the following spells:

 Spells                   Type           Power        Failure   Level
 Call Imp                 Summ           11%          14%         2
 Conjure Flame            Conj/Fire      17%          19%         3
 Slow                     Hex            6%           22%         2


Dungeon Overview and Level Annotations

Branches:
Dungeon (4/15)
 Temple: D:4-7

Altars:
Uskayaw

Annotations:
D:3 exclusion: downstairs


Innate Abilities, Weirdness & Mutations

You have a pair of small horns on your head.
You are partially covered in slimy green scales. (AC +2)


Message History

The ogre is severely wounded.
The worker ant closely misses you.
You hit the ogre.
The ogre is severely wounded.
You hit the ogre.
The ogre is severely wounded.
The worker ant completely misses you.
The ogre hits you with a +0 giant club!!
Ouch! That really hurt!
You hit the ogre.
The ogre is almost dead.
The worker ant barely misses you.
You hit the ogre.
You kill the ogre!
The worker ant misses you.
You have reached level 7!
Your demonic ancestry asserts itself...
A pair of horns grows on your head!
Your +0 helmet falls away!
Are you sure you want to abandon this character and quit the game? (Confirm with "yes".)

......#....
.$........
.......... ## .
#....... .##..
........ ......
##...†##.....
..#...†B...##.#
#.....†<@†....#
.......).##o....
#...#...## ...
#.. #.... . .
#..... #..##..
#.. .# ..# .#


You could see a worker ant and an orc.

Vanquished Creatures
  An ogre (D:4)
  A howler monkey (D:4)
  3 hounds
  An orc priest (D:3)
  An orc wizard (D:3)
  Jessica (D:3)
  Terence (D:3)
  A worker ant (D:4)
  Robin (D:3)
  6 adders
  An ooze (D:2)
  An adder zombie (D:2)
  A worm (D:3)
  6 dart slugs
  8 orcs
  5 bats
  2 giant cockroaches
  20 goblins
  14 hobgoblins
  A quokka (D:3)
  2 ball pythons
  6 frilled lizards
  4 kobolds
  2 leopard gecko skeletons (D:2)
  8 rats
98 creatures vanquished.

Notes
Turn   | Place    | Note
-------+----------+-------------------------------------------
     0 | D:1      | Chiseanne the Demonspawn Hedge Wizard began the quest for
                  | the Orb.
     0 | D:1      | Reached XP level 1. HP: 13/13 MP: 4/4
   113 | D:1      | Gained mutation: You are partially covered in slimy green
                  | scales. (AC +2) [demonic ancestry]
   113 | D:1      | Reached XP level 2. HP: 8/19 MP: 1/6
  1206 | D:1      | Reached XP level 3. HP: 24/24 MP: 0/8
  2175 | D:2      | Reached XP level 4. HP: 25/30 MP: 5/9
  2574 | D:2      | Found a hide-covered altar of Uskayaw.
  3073 | D:3      | Learned a level 2 spell: Blink
  3077 | D:3      | Learned a level 3 spell: Mephitic Cloud
  3587 | D:3      | Reached XP level 5. HP: 35/35 MP: 4/11
  3653 | D:3      | Noticed Jessica
  3668 | D:3      | Killed Jessica
  3669 | D:3      | Reached skill level 1 in Poison Magic
  3955 | D:3      | Noticed Robin
  3962 | D:3      | Killed Robin
  3963 | D:3      | Reached skill level 1 in Air Magic
  4616 | D:3      | Noticed Terence
  4642 | D:3      | Killed Terence
  4643 | D:3      | Reached XP level 6. HP: 40/41 MP: 5/12
  5351 | D:4      | Gained mutation: You have a pair of small horns on your
                  | head. [demonic ancestry]
  5351 | D:4      | Reached XP level 7. HP: 23/46 MP: 10/14
  5351 | D:4      | Quit the game

Illustrated notes

Levels and vault maps discovered:
D:1:      nzn_arrival_crosshair, layout_basic, serial_glass, glass_columns_b,
          glass_columns_a
D:2:      layout_loops_cross, nicolae_overflow_hidden_temple, serial_undead,
          serial_undead_b, serial_undead_f, serial_undead_e, serial_undead_b,
          kennysheep_generic_room_9
D:3:      layout_loops_corners, uniq_terence, uniq_robin, uniq_jessica
D:4:      layout_cave_pools, grunt_decor_arrowhead, minmay_cut_off

Skill      XL: |  1  2  3  4  5  6 |
---------------+-------------------+-----
Conjurations   | 2 3 4 |  4.3
Spellcasting   | 4 |  4.9
Poison Magic   | 1 2 |  2.5
Air Magic      | 1 2 |  2.3
Dodging        | |  1.7
Stealth        | |  1.7
Summonings     | |  1.0
Translocations | |  0.8

Action                   |  1- 3 |  4- 6 |  7- 9 || total
-------------------------+-------+-------+-------++-------
Melee: Dagger            |    17 |    54 |       ||    71
Throw: Dart              |       |    15 |       ||    15
 Cast: Magic Dart        |    90 |   170 |       ||   260
       Mephitic Cloud    |       |     7 |       ||     7
  Use: Scroll            |     2 |     8 |       ||    10
 Stab: Sleeping          |     1 |       |       ||     1
       Confused          |       |     2 |       ||     2
Armor: Robe              |     5 |    22 |       ||    27
Dodge: Dodged            |    17 |    57 |       ||    74
